| TOP OF THE 1ST |
|
Cincinnati Reds batting - Pitching for San Francisco Giants : RHP Keith Kidd
|
|
Pitching: RHP Keith Kidd
|
|
|
Batting: SHB Dave Barefoot
|
0-0: Fly out, F8 (Flyball, 78XD, EV 93.8 MPH)
|
|
Batting: RHB Steve Castleberry
|
0-0: Swinging Strike 0-1: Called Strike 0-2: Strikes out swinging
|
|
Batting: SHB Jun Tsuda
|
0-0: Called Strike 0-1: Hit by Pitch
|
|
Batting: LHB Chris Grunwald
|
0-0: Foul Ball, location: 2F 0-1: Called Strike Jun Tsuda is caught stealing 2nd base 2-6
|
| Top of the 1st over - 0 runs, 0 hits, 0 errors, 0 left on base; Cincinnati 0 - San Francisco 0 |
| BOTTOM OF THE 1ST |
|
San Francisco Giants batting - Pitching for Cincinnati Reds : RHP Matt Johnson
|
|
Pitching: RHP Matt Johnson
|
|
|
Batting: LHB Carey Horncole
|
0-0: Ball 1-0: Ball 2-0: Ball 3-0: Called Strike 3-1: Fly out, F7 (Line Drive, 78M, EV 94.4 MPH)
|
|
Batting: RHB Lucan Esini
|
0-0: Ball 1-0: Ball 2-0: Ball 3-0: Called Strike 3-1: Called Strike 3-2: Strikes out swinging
|
|
Batting: LHB Jack Henningar
|
0-0: Ground out 5-3 (Groundball, 56S, EV 67.5 MPH)
|
| Bottom of the 1st over - 0 runs, 0 hits, 0 errors, 0 left on base; Cincinnati 0 - San Francisco 0 |
| TOP OF THE 2ND |
|
Cincinnati Reds batting - Pitching for San Francisco Giants : RHP Keith Kidd
|
|
Batting: LHB Chris Grunwald
|
0-0: Called Strike 0-1: Called Strike 0-2: Strikes out swinging
|
|
Batting: LHB Antonio Figueroa
|
0-0: Foul Ball, location: 2F 0-1: DOUBLE (Line Drive, 9LS, EV 111.9 MPH)
|
|
Batting: RHB Willie Lazcano
|
0-0: Called Strike Antonio Figueroa is caught stealing 3rd base 2-5 0-1: Ball 1-1: Ball 2-1: Fly out, F9 (Flyball, 89M, EV 80.0 MPH)
|
| Top of the 2nd over - 0 runs, 1 hit, 0 errors, 0 left on base; Cincinnati 0 - San Francisco 0 |
| BOTTOM OF THE 2ND |
|
San Francisco Giants batting - Pitching for Cincinnati Reds : RHP Matt Johnson
|
|
Batting: SHB Ryan Doss
|
0-0: Ball 1-0: Ground out 5-3 (Groundball, 6, EV 90.6 MPH)
|
|
Batting: LHB Tom Best
|
0-0: Ball 1-0: Foul Ball, location: 2F 1-1: Swinging Strike 1-2: Ball 2-2: Foul Ball, location: 2F 2-2: Strikes out swinging
|
|
Batting: SHB Bill Dooms
|
0-0: Ball 1-0: Ball 2-0: Called Strike 2-1: Ball 3-1: Swinging Strike 3-2: Foul Ball, location: 2F 3-2: Ground out 5-3 (Groundball, 56, EV 88.8 MPH)
|
| Bottom of the 2nd over - 0 runs, 0 hits, 0 errors, 0 left on base; Cincinnati 0 - San Francisco 0 |
| TOP OF THE 3RD |
|
Cincinnati Reds batting - Pitching for San Francisco Giants : RHP Keith Kidd
|
|
Batting: RHB Joseph Kirchmann
|
0-0: Called Strike 0-1: Swinging Strike 0-2: Ball 1-2: Strikes out looking
|
|
Batting: LHB Jon Ledesma
|
0-0: Ball 1-0: Called Strike 1-1: Called Strike 1-2: SINGLE (Line Drive, 78S, EV 90.0 MPH)
|
|
Batting: RHB Omar Quintana
|
0-0: Called Strike 0-1: Ball 1-1: SINGLE (Line Drive, 9S, EV 105.6 MPH) Jon Ledesma to second
|
|
Batting: SHB Dave Barefoot
|
0-0: Ball 1-0: Called Strike 1-1: 3-RUN HOME RUN (Flyball, 8RXD, EV 113.1 MPH), Distance : 435 ft
|
|
Batting: RHB Steve Castleberry
|
0-0: Ball 1-0: Ball 2-0: Called Strike 2-1: Foul Ball, location: 2F 2-2: Foul Ball, location: 2F 2-2: SINGLE (Line Drive, 7S, EV 103.8 MPH)
|
|
Batting: SHB Jun Tsuda
|
0-0: Ball 1-0: Called Strike 1-1: Ball 2-1: Called Strike 2-2: Strikes out swinging
|
|
Batting: LHB Chris Grunwald
|
0-0: Foul Ball, location: 2F 0-1: Ball 1-1: Ball 2-1: Swinging Strike 2-2: Ball 3-2: 2-RUN HOME RUN (Flyball, 9LD, EV 93.1 MPH), Distance : 349 ft
|
|
Batting: LHB Antonio Figueroa
|
0-0: Called Strike 0-1: Ball 1-1: Ball 2-1: Ball 3-1: Base on Balls
|
|
Batting: RHB Willie Lazcano
|
0-0: Called Strike Antonio Figueroa is caught stealing 2nd base 2-4
|
| Top of the 3rd over - 5 runs, 5 hits, 0 errors, 0 left on base; Cincinnati 5 - San Francisco 0 |
| BOTTOM OF THE 3RD |
|
San Francisco Giants batting - Pitching for Cincinnati Reds : RHP Matt Johnson
|
|
Batting: RHB Nate Hodson
|
0-0: Called Strike 0-1: DOUBLE (Line Drive, 78D, EV 105.0 MPH)
|
|
Batting: LHB John Blair
|
0-0: Ball 1-0: Called Strike 1-1: Foul Ball, location: 2F 1-2: Ball 2-2: Ball 3-2: Ground out 5-3 (Groundball, 5, EV 83.8 MPH)
|
|
Batting: RHB Tyler Mapes
|
0-0: Ball 1-0: Ball 2-0: Foul Ball, location: 2F 2-1: Ball 3-1: SINGLE (Line Drive, 7S, EV 93.1 MPH) Nate Hodson to third
|
|
Batting: LHB Carey Horncole
|
0-0: Ball Tyler Mapes steals 2nd base 1-0: Ball 2-0: Ball 3-0: Called Strike 3-1: Base on Balls
|
|
Batting: RHB Lucan Esini
|
0-0: Ball 1-0: Ball 2-0: Foul Ball, location: 2F 2-1: GRAND SLAM HOME RUN (Line Drive, 7D, EV 102.5 MPH), Distance : 379 ft
|
|
Batting: LHB Jack Henningar
|
0-0: Ball 1-0: Ball 2-0: Ball 3-0: Base on Balls
|
|
Batting: SHB Ryan Doss
|
0-0: Called Strike 0-1: Ball 1-1: Ground out 6-3 (Groundball, 4, EV 89.4 MPH) Jack Henningar to second
|
|
Batting: LHB Tom Best
|
0-0: Called Strike 0-1: Foul Ball, location: 2F 0-2: Ball 1-2: Foul Ball, location: 2F 1-2: Ball 2-2: Strikes out looking
|
| Bottom of the 3rd over - 4 runs, 3 hits, 0 errors, 1 left on base; Cincinnati 5 - San Francisco 4 |
| TOP OF THE 4TH |
|
Cincinnati Reds batting - Pitching for San Francisco Giants : RHP Keith Kidd
|
|
Batting: RHB Willie Lazcano
|
0-0: Swinging Strike 0-1: Called Strike 0-2: Strikes out swinging
|
|
Batting: RHB Joseph Kirchmann
|
0-0: Called Strike 0-1: Swinging Strike 0-2: Strikes out looking
|
|
Batting: LHB Jon Ledesma
|
0-0: Fly out, F7 (Flyball, 7LSF, EV 89.4 MPH)
|
| Top of the 4th over - 0 runs, 0 hits, 0 errors, 0 left on base; Cincinnati 5 - San Francisco 4 |
| BOTTOM OF THE 4TH |
|
San Francisco Giants batting - Pitching for Cincinnati Reds : RHP Matt Johnson
|
|
Batting: SHB Bill Dooms
|
0-0: Called Strike 0-1: Called Strike 0-2: Foul Ball, location: 2F 0-2: Ball 1-2: SOLO HOME RUN (Line Drive, 9D, EV 103.1 MPH), Distance : 392 ft
|
|
Pitching: RHP Constantino Chamisso
|
|
|
Batting: RHB Nate Hodson
|
0-0: Ground out 5-3 (Groundball, 56S, EV 60.6 MPH)
|
|
Batting: LHB John Blair
|
0-0: Ball 1-0: Foul Ball, location: 2F 1-1: Swinging Strike 1-2: Strikes out swinging
|
|
Batting: RHB Tyler Mapes
|
0-0: Called Strike 0-1: Ball 1-1: Ball 2-1: Called Strike 2-2: Strikes out swinging
|
| Bottom of the 4th over - 1 run, 1 hit, 0 errors, 0 left on base; Cincinnati 5 - San Francisco 5 |
| TOP OF THE 5TH |
|
Cincinnati Reds batting - Pitching for San Francisco Giants : RHP Keith Kidd
|
|
Pitching: RHP Josh Lister
|
|
|
Batting: RHB Omar Quintana
|
0-0: Ball 1-0: Ball 2-0: Swinging Strike 2-1: Ground out 4-3 (Groundball, 4, EV 83.1 MPH)
|
|
Batting: SHB Dave Barefoot
|
0-0: SINGLE (Line Drive, 6MD, EV 95.0 MPH)
|
|
Batting: RHB Steve Castleberry
|
0-0: Ball 1-0: Called Strike 1-1: Called Strike 1-2: Strikes out looking
|
|
Batting: SHB Jun Tsuda
|
0-0: Ball 1-0: Called Strike Dave Barefoot steals 2nd base 1-1: Swinging Strike 1-2: Fly out, F8 (Flyball, 8RD, EV 102.5 MPH)
|
| Top of the 5th over - 0 runs, 1 hit, 0 errors, 1 left on base; Cincinnati 5 - San Francisco 5 |
| BOTTOM OF THE 5TH |
|
San Francisco Giants batting - Pitching for Cincinnati Reds : RHP Constantino Chamisso
|
|
Batting: LHB Carey Horncole
|
0-0: Called Strike 0-1: Fly out, F8 (Flyball, 89M, EV 92.5 MPH)
|
|
Batting: RHB Lucan Esini
|
0-0: Ball 1-0: Foul Ball, location: 2F 1-1: Ball 2-1: Foul Ball, location: 2F 2-2: SINGLE (Line Drive, 9S, EV 103.8 MPH)
|
|
Batting: LHB Jack Henningar
|
0-0: Called Strike 0-1: Called Strike 0-2: Foul Ball, location: 2F 0-2: Ball 1-2: Foul Ball, location: 2F 1-2: 2-RUN HOME RUN (Line Drive, 89XD, EV 115.0 MPH), Distance : 449 ft
|
|
Batting: SHB Ryan Doss
|
0-0: Called Strike 0-1: Ball 1-1: Ball 2-1: Reached on error, E3 (Groundball, 3, EV 90.6 MPH)
|
|
Batting: LHB Tom Best
|
0-0: Ball 1-0: Ball 2-0: Swinging Strike 2-1: Swinging Strike 2-2: Strikes out swinging
|
|
Batting: SHB Bill Dooms
|
0-0: Ball 1-0: Fly out, F7 (Flyball, 7, EV 78.1 MPH)
|
| Bottom of the 5th over - 2 runs, 2 hits, 1 error, 1 left on base; Cincinnati 5 - San Francisco 7 |
| TOP OF THE 6TH |
|
Cincinnati Reds batting - Pitching for San Francisco Giants : RHP Josh Lister
|
|
Batting: LHB Chris Grunwald
|
0-0: Ball 1-0: Foul Ball, location: 2F 1-1: Ball 2-1: Ball 3-1: Ground out 6-3 (Groundball, 6, EV 108.8 MPH)
|
|
Batting: LHB Antonio Figueroa
|
0-0: Called Strike 0-1: Ball 1-1: Ball 2-1: Called Strike 2-2: Ball 3-2: SINGLE (Groundball, 34D, EV 111.9 MPH)
|
|
Batting: RHB Willie Lazcano
|
0-0: Called Strike 0-1: Called Strike 0-2: Ball 1-2: Grounds into double play, 6-4-3 (Groundball, 6, EV 85.0 MPH)
|
| Top of the 6th over - 0 runs, 1 hit, 0 errors, 0 left on base; Cincinnati 5 - San Francisco 7 |
| BOTTOM OF THE 6TH |
|
San Francisco Giants batting - Pitching for Cincinnati Reds : RHP Constantino Chamisso
|
|
Batting: RHB Nate Hodson
|
0-0: Ball 1-0: Ground out 4-3 (Groundball, 4, EV 108.1 MPH)
|
|
Batting: LHB John Blair
|
0-0: Ball 1-0: Ball 2-0: Called Strike 2-1: Swinging Strike 2-2: Strikes out swinging
|
|
Batting: RHB Tyler Mapes
|
0-0: Ball 1-0: Ball 2-0: Swinging Strike 2-1: Ground out 6-3 (Groundball, 6, EV 91.9 MPH)
|
| Bottom of the 6th over - 0 runs, 0 hits, 0 errors, 0 left on base; Cincinnati 5 - San Francisco 7 |
| TOP OF THE 7TH |
|
Cincinnati Reds batting - Pitching for San Francisco Giants : RHP Josh Lister
|
|
Batting: RHB Joseph Kirchmann
|
0-0: Ball 1-0: Foul Ball, location: 2F 1-1: Called Strike 1-2: Ball 2-2: Foul Ball, location: 2F 2-2: Foul Ball, location: 2F 2-2: Foul Ball, location: 2F 2-2: Ball 3-2: Ground out 4-3 (Groundball, 4, EV 102.5 MPH)
|
|
Batting: LHB Jon Ledesma
|
0-0: Ball 1-0: Called Strike 1-1: Foul Ball, location: 2F 1-2: Ball 2-2: Strikes out looking
|
|
Batting: RHB Omar Quintana
|
0-0: Called Strike 0-1: Foul Ball, location: 2F 0-2: Foul Ball, location: 2F 0-2: Foul Ball, location: 2F 0-2: Foul Ball, location: 2F 0-2: Ball 1-2: Foul Ball, location: 2F 1-2: Ball 2-2: DOUBLE (Flyball, 89D, EV 90.6 MPH)
|
|
Pitching: RHP Lorenzo de Jesus
|
|
|
Batting: SHB Dave Barefoot
|
0-0: Called Strike 0-1: Called Strike 0-2: Ball 1-2: Ball 2-2: Foul Ball, location: 2F 2-2: Strikes out swinging
|
| Top of the 7th over - 0 runs, 1 hit, 0 errors, 1 left on base; Cincinnati 5 - San Francisco 7 |
| BOTTOM OF THE 7TH |
|
San Francisco Giants batting - Pitching for Cincinnati Reds : RHP Constantino Chamisso
|
|
Pitching: LHP Brad Jonas
|
|
|
Batting: LHB Carey Horncole
|
0-0: Ball 1-0: Fly out, F9 (Line Drive, 9, EV 95.0 MPH)
|
|
Batting: RHB Lucan Esini
|
0-0: Called Strike 0-1: Called Strike 0-2: Foul Ball, location: 2F 0-2: Ball 1-2: Foul Ball, location: 2F 1-2: Ball 2-2: Ball 3-2: Foul Ball, location: 2F 3-2: Strikes out looking
|
|
Batting: LHB Jack Henningar
|
0-0: Ball 1-0: Ground out U3 (Groundball, 34, EV 88.8 MPH)
|
| Bottom of the 7th over - 0 runs, 0 hits, 0 errors, 0 left on base; Cincinnati 5 - San Francisco 7 |
| TOP OF THE 8TH |
|
Cincinnati Reds batting - Pitching for San Francisco Giants : RHP Lorenzo de Jesus
|
|
Batting: RHB Steve Castleberry
|
0-0: Ball 1-0: Foul Ball, location: 2F 1-1: Ball 2-1: Ground out 6-3 (Groundball, 6, EV 88.8 MPH)
|
|
Batting: SHB Jun Tsuda
|
0-0: Ball 1-0: Swinging Strike 1-1: Swinging Strike 1-2: Foul Ball, location: 2F 1-2: Ball 2-2: Strikes out swinging
|
|
Batting: LHB Chris Grunwald
|
0-0: Ball 1-0: Called Strike 1-1: Foul Ball, location: 2F 1-2: Ground out 6-3 (Groundball, 6, EV 102.5 MPH)
|
| Top of the 8th over - 0 runs, 0 hits, 0 errors, 0 left on base; Cincinnati 5 - San Francisco 7 |
| BOTTOM OF THE 8TH |
|
San Francisco Giants batting - Pitching for Cincinnati Reds : LHP Brad Jonas
|
|
Batting: SHB Ryan Doss
|
0-0: Ball 1-0: Ball 2-0: Called Strike 2-1: Fly out, F5 (Popup, 5F, EV 62.5 MPH)
|
|
Batting: LHB Tom Best
|
0-0: Foul Ball, location: 2F 0-1: Swinging Strike 0-2: Ball 1-2: Ball 2-2: Strikes out swinging
|
|
Batting: SHB Bill Dooms
|
0-0: Ball 1-0: Foul Ball, location: 2F 1-1: Called Strike 1-2: Ball 2-2: Strikes out swinging
|
| Bottom of the 8th over - 0 runs, 0 hits, 0 errors, 0 left on base; Cincinnati 5 - San Francisco 7 |
| TOP OF THE 9TH |
|
Cincinnati Reds batting - Pitching for San Francisco Giants : RHP Lorenzo de Jesus
|
|
Pitching: RHP Andrew Kindig
|
|
|
Batting: LHB Antonio Figueroa
|
0-0: Called Strike 0-1: Foul Ball, location: 2F 0-2: Ground out 5-3 (Groundball, 56, EV 78.8 MPH)
|
|
Batting: RHB Willie Lazcano
|
0-0: Fly out, F8 (Flyball, 8LM, EV 88.1 MPH)
|
|
Batting: RHB Joseph Kirchmann
|
0-0: Called Strike 0-1: Ball 1-1: Swinging Strike 1-2: Strikes out swinging
|
| Top of the 9th over - 0 runs, 0 hits, 0 errors, 0 left on base; Cincinnati 5 - San Francisco 7 |
|